[Event "Titled Tuesday Blitz December 27 Late 2022"]
[White "Goltsev, Dmitry"]
[Black "Gatterer, Florian"]
[WhiteFideId "24176710"]
[BlackFideId "811688"]
[WhiteElo "2269"]
[BlackElo "2170"]
[Result "1-0"]
[Round "01"]
[TimeControl "180+2"]
[Date "2022.12.27"]
[WhiteClock "0:00:44"]
[BlackClock "0:00:01"]

1. e4 c6 2. d4 d5 3. Nc3 dxe4 4. Nxe4 Bf5 5. Ng3 Bg6 6. Nh3 e6 7. Nf4 Bd6 8. c3 Qc7 9. Qf3 Nf6 10. h4 Nd5 11. Nd3 Nd7 12. h5 Bxd3 13. Bxd3 h6 14. Ne4 Be7 15. a3 N7f6 16. c4 Nxe4 17. cxd5 exd5 18. Bxe4 dxe4 19. Qxe4 O-O 20. Be3 Rfe8 21. Qf3 Bg5 22. O-O Bxe3 23. fxe3 Qe7 24. Rae1 Rad8 25. Rf2 Rd5 26. Ref1 f6 27. Re1 Qe4 28. Qg3 Rg5 29. Qc7 Rxh5 30. Qxb7 Qh4 31. Kf1 Qg3 32. Qb3+ Kh8 33. Ke2 Qg4+ 34. Kd2 c5 35. d5 c4 36. Qb5 Rc8 37. e4 Qg5+ 38. Kc2 Rh2 39. Ree2 Qe5 40. Qd7 Re8 41. Qf5 Qxf5 42. Rxf5 Rh4 43. e5 fxe5 44. Rfxe5 Rxe5 45. Rxe5 Rd4 46. Kc3 Rd3+ 47. Kxc4 Rd2 48. Kc3 Rd1 49. Kc4 Kh7 50. Re7 Rd2 51. b4 Rxg2 52. Rxa7 Rd2 53. Re7 h5 54. b5 h4 55. b6 h3 56. b7 h2 57. Re1 1-0


[Site "https://www.chess.com"]

[Event "Titled Tuesday Blitz December 27 Late 2022"]
[White "Graif, William"]
[Black "Krzyzanowski, Marcin"]
[WhiteFideId "2609835"]
[BlackFideId "1132199"]
[WhiteElo "2304"]
[BlackElo "2512"]
[Result "1-0"]
[Round "01"]
[TimeControl "180+2"]
[Date "2022.12.27"]
[WhiteClock "0:00:08"]
[BlackClock "0:01:05"]

1. e4 c6 2. d4 d5 3. Nc3 dxe4 4. Bc4 Nf6 5. f3 a5 6. a4 e3 7. Bxe3 Nd5 8. Nxd5 cxd5 9. Bd3 Nc6 10. c3 g6 11. Qd2 Bf5 12. Bb5 Bg7 13. Ne2 O-O 14. Bh6 Na7 15. Bxg7 Kxg7 16. Ng3 Nxb5 17. Nxf5+ gxf5 18. axb5 e6 19. O-O Rg8 20. Kh1 Kh8 21. Qe3 Rg6 22. Qe5+ Kg8 23. Ra4 Qb6 24. Qe2 Qc7 25. Rfa1 Rh6 26. h3 b6 27. Qe5 Rc8 28. Qxc7 Rxc7 29. R1a3 Rh4 30. b4 axb4 31. Rxb4 Kf8 32. Ra8+ Ke7 33. Rb3 Rb7 34. Rba3 Kd7 35. Rf8 Kd6 36. Ra6 e5 37. dxe5+ Kc5 38. Raa8 Kxb5 39. Rad8 Rb4 40. cxb4 Kc4 41. Rc8+ Kd3 42. Rfd8 d4 43. Rd6 Ke3 44. Rcd8 Kf2 45. Rxd4 Kg3 46. R8d7 Rb8 47. Rd8 Rb7 48. R4d7 Rxd7 49. Rxd7 f4 50. Rxf7 h5 51. e6 b5 52. Kg1 h4 53. Rg7# 1-0


[Site "https://www.chess.com"]

[Event "Titled Tuesday Blitz December 27 Late 2022"]
[White "Grigoriants, Sergey"]
[Black "Fisher_TheGalactic"]
[WhiteFideId "4130804"]
[WhiteElo "2562"]
[BlackElo "2477"]
[Result "1-0"]
[Round "01"]
[TimeControl "180+2"]
[Date "2022.12.27"]
[WhiteClock "0:00:05"]
[BlackClock "0:00:04"]

1. d4 d5 2. c4 e6 3. Nc3 Nf6 4. cxd5 exd5 5. Bg5 Be7 6. e3 O-O 7. Bd3 h6 8. Bh4 c6 9. Nge2 Bg4 10. f3 Bh5 11. Bxf6 Bxf6 12. Nf4 Bg6 13. Nxg6 fxg6 14. Bxg6 Bh4+ 15. g3 Qg5 16. Qd3 Rxf3 17. Kd2 Rf2+ 18. Ne2 Na6 19. gxh4 Qxh4 20. Raf1 Raf8 21. Rxf2 Qxf2 22. h4 Kh8 23. h5 Nb4 24. Qb3 c5 25. a3 Nc6 26. Qxb7 cxd4 27. Qxc6 Qxe3+ 28. Kc2 Qxe2+ 29. Kb1 d3 30. Qxd5 d2 31. Ka2 Rb8 32. Bc2 Rc8 33. Bb3 Rf8 34. Rd1 g5 35. hxg6 Kg7 36. Rxd2 Qe7 37. Rg2 Rd8 38. Qf7+ 1-0


[Site "https://www.chess.com"]

[Event "Titled Tuesday Blitz December 27 Late 2022"]
[White "Gritsenko, Nikolai"]
[Black "Albertini, Luca"]
[WhiteFideId "14112493"]
[BlackFideId "847038"]
[WhiteElo "2309"]
[BlackElo "2084"]
[Result "1-0"]
[Round "01"]
[TimeControl "180+2"]
[Date "2022.12.27"]
[WhiteClock "0:01:21"]
[BlackClock "0:01:20"]

1. e4 e5 2. Nf3 Nc6 3. Bb5 a6 4. Bxc6 dxc6 5. d4 exd4 6. Qxd4 Qxd4 7. Nxd4 c5 8. Ne2 Bd7 9. Nbc3 O-O-O 10. Bf4 Bc6 11. f3 h6 12. Rd1 Rxd1+ 13. Nxd1 g5 14. Be5 f6 15. Bc3 Bg7 16. Ne3 Ne7 17. Ng3 Bd7 18. Nh5 Rg8 19. Nxg7 Rxg7 20. Bxf6 Rf7 21. Bxe7 Rxe7 22. g4 Be6 23. a3 b5 24. h4 b4 25. hxg5 hxg5 26. Rh5 Rg7 27. Nf5 Bxf5 28. gxf5 Kd7 29. Kf2 a5 30. Kg3 c4 31. c3 c5 32. Rh6 g4 33. fxg4 Re7 34. Kf4 Kc7 35. Ra6 Kb7 36. Rxa5 Kb6 37. axb4 cxb4 38. cxb4 Rd7 39. Rc5 1-0


[Site "https://www.chess.com"]

[Event "Titled Tuesday Blitz December 27 Late 2022"]
[White "Gubajdullin, Alexei"]
[Black "Huber, Benedikt"]
[WhiteFideId "4141202"]
[BlackFideId "12923583"]
[WhiteElo "2285"]
[BlackElo "2272"]
[Result "0-1"]
[Round "01"]
[TimeControl "180+2"]
[Date "2022.12.27"]
[WhiteClock "0:00:01"]
[BlackClock "0:00:08"]

1. d4 e6 2. Nf3 f5 3. Nc3 Nf6 4. Bg5 d5 5. a3 Nbd7 6. e3 h6 7. Bxf6 Nxf6 8. Ne5 Bd6 9. Ng6 Rg8 10. h4 Ng4 11. h5 Qg5 12. Qf3 Bd7 13. Nb5 Bxb5 14. Bxb5+ c6 15. Bd3 O-O-O 16. c4 Rge8 17. cxd5 cxd5 18. O-O-O Kb8 19. Kb1 Rc8 20. g3 Rc7 21. Nf4 Bxf4 22. Qxf4 Qxf4 23. gxf4 Nxf2 24. Rdg1 Nxd3 25. Rg2 Rec8 26. Ka2 Rc1 27. Rhh2 R8c7 28. Rg6 Re1 29. Rhg2 a5 30. a4 Nb4+ 31. Ka3 Rxe3+ 32. b3 Re1 33. Rxg7 Rcc1 34. Kb2 Rb1+ 35. Kc3 Re3+ 36. Kd2 Rd3+ 37. Ke2 Rb2+ 38. Ke1 Rb1+ 39. Ke2 Rdxb3 40. Kf2 Rc3 41. R7g6 Nd3+ 42. Ke3 Nxf4+ 43. Kxf4 Rf1+ 44. Ke5 Re3+ 45. Kd6 f4 46. Rb2 Rc1 47. Rg8+ Ka7 48. Rg7 Rc6+ 49. Kd7 Rb6 50. Rc2 Rh3 51. Rg8 Rxh5 52. Rcc8 Rb4 53. Rc5 Kb6 54. Rb8 Rf5 55. Kxe6 Rg5 56. Rc1 Rxd4 57. Rb1+ Rb4 58. Rc1 d4 0-1


[Site "https://www.chess.com"]

[Event "Titled Tuesday Blitz December 27 Late 2022"]
[White "Guevara Sanchez, Erick Marvin"]
[Black "Bilan, Danila"]
[WhiteFideId "6700136"]
[BlackFideId "24161918"]
[WhiteElo "2073"]
[BlackElo "2303"]
[Result "0-1"]
[Round "01"]
[TimeControl "180+2"]
[Date "2022.12.27"]
[WhiteClock "0:00:07"]
[BlackClock "0:00:14"]

1. e4 c6 2. d4 d5 3. exd5 cxd5 4. c4 Nf6 5. Nc3 Nc6 6. Nf3 Bg4 7. c5 e6 8. Be2 Ne4 9. h3 Bf5 10. Bd2 Be7 11. O-O O-O 12. a3 Bf6 13. Be3 Nxc3 14. bxc3 b6 15. cxb6 axb6 16. c4 Na5 17. cxd5 Qxd5 18. g4 Bg6 19. g5 Be7 20. Ne5 Rad8 21. h4 Be4 22. f3 Bf5 23. Bd3 Bxd3 24. Nxd3 Nb3 25. Nb4 Bxb4 26. axb4 Nxa1 27. Qxa1 Ra8 28. Qc3 Rfc8 29. Qd3 Ra2 30. Bf4 Rc4 31. Be5 b5 32. Kh1 Rxb4 33. Qc3 Rc4 34. Qb3 Ra8 35. Qe3 b4 36. Qe4 Qxe4 37. fxe4 b3 38. Rb1 Rb4 39. d5 Rxe4 40. Bc3 Rxh4+ 41. Kg2 Ra2+ 42. Kg3 Rah2 43. Rxb3 R2h3+ 44. Kg2 h6 45. gxh6 gxh6 46. Rb8+ Kh7 47. Rh8+ Kg6 48. Rg8+ Kf5 49. Rf8 Rxc3 50. Rxf7+ Ke5 51. dxe6 Kxe6 52. Rf8 Rc5 53. Re8+ Kf5 54. Rf8+ Kg6 55. Rg8+ Kh5 56. Re8 Rg5+ 57. Kf2 Rh3 58. Re4 Ra5 59. Rf4 Rb3 60. Kg2 Ra2+ 61. Rf2 Rxf2+ 62. Kxf2 Kh4 63. Kg2 Rh3 64. Kg1 Kg3 65. Kf1 Rh2 66. Ke1 h5 67. Kf1 Rg2 68. Ke1 h4 69. Kd1 h3 70. Kc1 h2 71. Kd1 h1=Q# 0-1


[Site "https://www.chess.com"]

[Event "Titled Tuesday Blitz December 27 Late 2022"]
[White "Guseinov, Gadir"]
[Black "Adewumi, Tanitoluwa"]
[WhiteFideId "13401378"]
[BlackFideId "30966396"]
[WhiteElo "2661"]
[BlackElo "2283"]
[Result "1-0"]
[Round "01"]
[TimeControl "180+2"]
[Date "2022.12.27"]
[WhiteClock "0:02:12"]
[BlackClock "0:00:13"]

1. e4 c5 2. Nc3 Nc6 3. Bb5 Nd4 4. Nf3 e6 5. O-O a6 6. Bd3 b5 7. Nxd4 cxd4 8. Ne2 Bc5 9. c3 dxc3 10. dxc3 Bb7 11. Nd4 Nf6 12. e5 Nd5 13. Qg4 g6 14. Bh6 Qc7 15. Rfe1 O-O-O 16. a4 f5 17. exf6 Nxf6 18. Qh4 g5 19. Bxg5 Rhg8 20. Bf1 Bxd4 21. cxd4 Qc6 22. Rac1 1-0


[Site "https://www.chess.com"]

[Event "Titled Tuesday Blitz December 27 Late 2022"]
[White "Haraguchi, Diego Sashaki"]
[Black "Averjanov, Alexey"]
[WhiteFideId "22729925"]
[BlackFideId "14109867"]
[WhiteElo "2015"]
[BlackElo "2399"]
[Result "0-1"]
[Round "01"]
[TimeControl "180+2"]
[Date "2022.12.27"]
[WhiteClock "0:00:51"]
[BlackClock "0:01:39"]

1. d4 d5 2. c4 dxc4 3. Nf3 Nf6 4. e3 e6 5. Bxc4 a6 6. a4 c5 7. O-O Nc6 8. b3 cxd4 9. exd4 Be7 10. Bb2 O-O 11. Nbd2 b6 12. Ne5 Bb7 13. Ndf3 Nb4 14. Rc1 Rc8 15. Qe2 a5 16. Rfd1 Nbd5 17. g3 Rc7 18. Qd2 Qd6 19. Bf1 Rfc8 20. Rxc7 Rxc7 21. Rc1 Rxc1 22. Qxc1 h6 23. Nc4 Qc7 24. Ba3 Bxa3 25. Qxa3 Nb4 26. Bg2 Bd5 27. Qc1 Nd7 28. Nfe5 Bxg2 29. Kxg2 Nf6 30. Qe3 Nfd5 31. Qf3 Nc6 32. Ne3 Nxe5 33. Nxd5 Nxf3 34. Nxc7 Nxd4 35. Na8 b5 36. Nc7 b4 37. Nb5 Nxb3 38. Nd6 Nc5 39. Nc4 b3 40. Kf3 Nxa4 41. Ke2 b2 42. Kd2 b1=Q 0-1


[Site "https://www.chess.com"]

[Event "Titled Tuesday Blitz December 27 Late 2022"]
[White "Harish, Neeraj"]
[Black "Moral Garcia, Serafin"]
[WhiteFideId "30958130"]
[BlackFideId "2201925"]
[WhiteElo "2232"]
[BlackElo "2238"]
[Result "0-1"]
[Round "01"]
[TimeControl "180+2"]
[Date "2022.12.27"]
[WhiteClock "0:00:02"]
[BlackClock "0:00:38"]

1. e4 c5 2. Nf3 e6 3. d4 cxd4 4. Nxd4 Nc6 5. Nc3 Qc7 6. Be3 a6 7. g4 b5 8. Nxc6 Qxc6 9. Qd2 Bb7 10. O-O-O Rc8 11. f3 Ne7 12. Ne2 Ng6 13. Nd4 Qc7 14. h4 Ne5 15. Be2 d5 16. f4 Nc4 17. Bxc4 Qxc4 18. Kb1 dxe4 19. h5 Be7 20. g5 O-O 21. g6 h6 22. gxf7+ Rxf7 23. Rhg1 Bd5 24. b3 Qc3 25. Rg6 Bf6 26. Qxc3 Rxc3 27. Bg1 Rh3 28. Ne2 Rxh5 29. Bd4 Rh2 0-1


[Site "https://www.chess.com"]

[Event "Titled Tuesday Blitz December 27 Late 2022"]
[White "Itkis, Boris"]
[Black "Herman, Daniel"]
[WhiteFideId "1209167"]
[BlackFideId "30935008"]
[WhiteElo "2329"]
[BlackElo "1956"]
[Result "1-0"]
[Round "01"]
[TimeControl "180+2"]
[Date "2022.12.27"]
[WhiteClock "0:01:14"]
[BlackClock "0:00:13"]

1. e4 g6 2. d4 Bg7 3. Nc3 d6 4. Bg5 c6 5. Qd2 h6 6. Bh4 Nf6 7. f4 Qb6 8. O-O-O O-O 9. Nf3 Bg4 10. Be2 Nbd7 11. e5 Nd5 12. Nxd5 cxd5 13. Bxe7 Rfc8 14. Bxd6 Nf8 15. Kb1 Ne6 16. c3 a5 17. h3 Bf5+ 18. Ka1 a4 19. g4 Be4 20. f5 gxf5 21. gxf5 Bxf5 22. Rdg1 Kh7 23. Bd3 Bxd3 24. Qxd3+ Kh8 25. Ba3 Qa6 26. Qf5 Rg8 27. h4 Qe2 28. Ng5 Nxg5 29. hxg5 h5 30. Qxf7 Raf8 31. Rxh5+ 1-0


[Site "https://www.chess.com"]

[Event "Titled Tuesday Blitz December 27 Late 2022"]
[White "Jaracz, Pawel"]
[Black "Hoffmann, Asa"]
[WhiteFideId "1102222"]
[BlackFideId "2001470"]
[WhiteElo "2467"]
[BlackElo "2185"]
[Result "1-0"]
[Round "01"]
[TimeControl "180+2"]
[Date "2022.12.27"]
[WhiteClock "0:00:12"]
[BlackClock "0:00:01"]

1. e4 d6 2. d4 Nf6 3. Nc3 c6 4. Nf3 Bg4 5. Be3 e6 6. h3 Bh5 7. g4 Bg6 8. Nd2 d5 9. e5 Nfd7 10. Bd3 c5 11. dxc5 Nxc5 12. Nf3 Nxd3+ 13. cxd3 Nc6 14. Ne2 Bb4+ 15. Kf1 Be7 16. Nf4 Qc7 17. Rc1 Qa5 18. a3 d4 19. Bd2 Qb5 20. Kg2 O-O 21. a4 Qb6 22. h4 h5 23. gxh5 Bf5 24. Kh2 Rad8 25. Rg1 Kh8 26. Qe2 Nb4 27. Rg3 Rc8 28. Rcg1 Rg8 29. Bxb4 Qxb4 30. Ng5 Bxg5 31. Rxg5 Qxa4 32. Qf3 Qc2 33. Qg3 g6 34. hxg6 fxg6 35. h5 Rc7 36. hxg6 Kg7 37. Rxf5 Re8 38. Rh5 Kg8 39. g7 Kf7 40. Qg6+ Ke7 41. Qxe6+ Kd8 42. Qxe8+ Kxe8 43. g8=Q+ Kd7 44. Qd5+ 1-0


[Site "https://www.chess.com"]

[Event "Titled Tuesday Blitz December 27 Late 2022"]
[White "Jenkins, Drake"]
[Black "Mendez Fortes, Eduardo Jesus"]
[WhiteFideId "2022397"]
[BlackFideId "3502376"]
[WhiteElo "2130"]
[BlackElo "2250"]
[Result "1-0"]
[Round "01"]
[TimeControl "180+2"]
[Date "2022.12.27"]
[WhiteClock "0:00:04"]
[BlackClock "0:00:18"]

1. Nf3 d5 2. c4 e6 3. g3 Nf6 4. Bg2 d4 5. O-O Be7 6. e3 c5 7. b4 Nc6 8. b5 Na5 9. exd4 cxd4 10. d3 O-O 11. Bd2 Rb8 12. Qe1 b6 13. Bxa5 bxa5 14. Ne5 Bb7 15. Bxb7 Rxb7 16. Nc6 Qb6 17. Qxa5 Qxa5 18. Nxa5 Rc7 19. Nc6 Bc5 20. Nd2 a6 21. a4 axb5 22. axb5 Nd7 23. Nb3 Bb6 24. Ra6 f6 25. Ncxd4 Re8 26. Nc6 e5 27. Rfa1 Kf7 28. Kf1 Rec8 29. Nb4 Nc5 30. Nxc5 Bxc5 31. Nd5 Rd7 32. Rc6 Rdd8 33. Raa6 Bd4 34. Ke2 Rb8 35. g4 h6 36. Kf3 Kg6 37. h3 h5 38. Ne7+ Kf7 39. Nf5 Bc3 40. Rc7+ Kf8 41. Raa7 Rxd3+ 42. Kg2 Bb4 43. Rf7+ Ke8 44. Rxg7 Bf8 45. Rg8 hxg4 46. Ng7+ Kd8 47. Rxf8# 1-0


[Site "https://www.chess.com"]

[Event "Titled Tuesday Blitz December 27 Late 2022"]
[White "Jimenez Fernandez, Rebeca"]
[Black "Hnydiuk, Aleksander"]
[WhiteFideId "32070934"]
[BlackFideId "1109057"]
[WhiteElo "2069"]
[BlackElo "2363"]
[Result "0-1"]
[Round "01"]
[TimeControl "180+2"]
[Date "2022.12.27"]
[WhiteClock "0:00:13"]
[BlackClock "0:01:24"]

1. e4 e5 2. d4 exd4 3. Qxd4 Nc6 4. Qe3 Nf6 5. Nc3 Bb4 6. Bd2 O-O 7. O-O-O Re8 8. Bc4 Na5 9. Bd3 d5 10. Qg3 d4 11. Nce2 Bxd2+ 12. Rxd2 Nxe4 13. Bxe4 Rxe4 14. f3 Re8 15. Rxd4 Qf6 16. Qxc7 Nc6 17. Rd1 Bf5 18. Qf4 Rac8 19. g4 Nb4 20. Nc3 Nxa2+ 21. Nxa2 Rxc2+ 22. Kb1 Qxb2# 0-1


[Site "https://www.chess.com"]

[Event "Titled Tuesday Blitz December 27 Late 2022"]
[White "Jones, Gawain C B"]
[Black "Kleinman, Michael"]
[WhiteFideId "409561"]
[BlackFideId "2609479"]
[WhiteElo "2618"]
[BlackElo "2387"]
[Result "1-0"]
[Round "01"]
[TimeControl "180+2"]
[Date "2022.12.27"]
[WhiteClock "0:01:00"]
[BlackClock "0:00:03"]

1. Nf3 c5 2. c4 Nf6 3. Nc3 Nc6 4. d4 cxd4 5. Nxd4 e6 6. Bf4 a6 7. e3 Be7 8. Bd3 O-O 9. O-O d6 10. h3 e5 11. Nxc6 bxc6 12. Bh2 Be6 13. c5 d5 14. Bxe5 Bxc5 15. Na4 Bd6 16. Bxd6 Qxd6 17. Rc1 Rfc8 18. Nc5 a5 19. Qc2 h6 20. Rfe1 Nd7 21. Nxe6 fxe6 22. e4 Ne5 23. Bf1 d4 24. f4 Nd7 25. e5 Qe7 26. f5 exf5 27. Qxf5 c5 28. Bc4+ Kh8 29. Bd3 Nf8 30. e6 Rab8 31. b3 Rb6 32. Re5 Rcc6 33. Rf1 Rb8 34. Bc4 Nh7 35. Qf7 Qxf7 36. Rxf7 1-0


[Site "https://www.chess.com"]

[Event "Titled Tuesday Blitz December 27 Late 2022"]
[White "Kaganskiy, Gleb"]
[Black "Cremisi, Daniel"]
[WhiteFideId "4132025"]
[BlackFideId "2089882"]
[WhiteElo "2205"]
[BlackElo "2170"]
[Result "1-0"]
[Round "01"]
[TimeControl "180+2"]
[Date "2022.12.27"]
[WhiteClock "0:00:17"]
[BlackClock "0:00:25"]

1. e4 e6 2. d4 d5 3. Nd2 a6 4. Ngf3 Nf6 5. e5 Nfd7 6. c3 c5 7. Bd3 Nc6 8. O-O g5 9. Nb3 h6 10. Nxc5 Nxc5 11. dxc5 Bxc5 12. b4 Ba7 13. Re1 Bd7 14. a3 Qc7 15. Bb2 g4 16. Nd4 Nxe5 17. Kh1 Rg8 18. f4 gxf3 19. Nxf3 Ng4 20. Re2 Nf2+ 21. Rxf2 Bxf2 22. Qe2 Ba7 23. Ne5 Bb8 24. c4 dxc4 25. Bxc4 Bc6 26. Rg1 Ba7 27. Nxf7 Bxg1 28. Qxe6+ Kf8 29. Qxh6+ Ke8 30. Qe6+ Kf8 31. Qh6+ Ke8 32. Nd6+ Kd7 33. Qe6+ Kd8 34. Bf6+ 1-0


[Site "https://www.chess.com"]

[Event "Titled Tuesday Blitz December 27 Late 2022"]
[White "Karas, Marek"]
[Black "Vargas, Mauricio"]
[WhiteFideId "14928558"]
[BlackFideId "4404572"]
[WhiteElo "2227"]
[BlackElo "2035"]
[Result "1-0"]
[Round "01"]
[TimeControl "180+2"]
[Date "2022.12.27"]
[WhiteClock "0:01:14"]
[BlackClock "0:00:50"]

1. h4 e5 2. c4 f5 3. Nc3 Nc6 4. g3 Nf6 5. Bg2 Bb4 6. d3 O-O 7. Bd2 Bxc3 8. Bxc3 d6 9. b4 Qe8 10. b5 Ne7 11. Nf3 Qh5 12. a4 f4 13. gxf4 exf4 14. a5 Ng4 15. a6 Nf5 16. Bh3 Nfe3 17. fxe3 Nxe3 18. Qb3 Kh8 19. Bxc8 Raxc8 20. axb7 Rb8 21. Rg1 Rxb7 22. Bxg7+ Kg8 23. Bxf8+ Kxf8 24. Qc3 Kf7 25. Qg7+ Ke6 26. Qg8+ Kd7 27. Rg7+ Qf7 28. Qxf7+ Kc8 29. Qe8# 1-0


[Site "https://www.chess.com"]

[Event "Titled Tuesday Blitz December 27 Late 2022"]
[White "Kazakouski, Valery"]
[Black "Novikov, Evgenij"]
[WhiteFideId "13507443"]
[BlackFideId "4125380"]
[WhiteElo "2539"]
[BlackElo "2276"]
[Result "1-0"]
[Round "01"]
[TimeControl "180+2"]
[Date "2022.12.27"]
[WhiteClock "0:00:08"]
[BlackClock "0:00:03"]

1. Nf3 d6 2. d4 Nf6 3. c4 Nbd7 4. Nc3 c6 5. e4 e5 6. g3 Be7 7. Bg2 O-O 8. O-O Qc7 9. h3 Rd8 10. Be3 a5 11. Qc2 Nf8 12. Rad1 Ng6 13. Rfe1 Bd7 14. b3 Be8 15. c5 dxc5 16. dxc5 h6 17. Na4 Rxd1 18. Rxd1 Rd8 19. Nd2 Bd7 20. Nc4 Be6 21. Nab6 Bxc4 22. Nxc4 Nd7 23. Nb2 Ndf8 24. Rxd8 Qxd8 25. h4 Ne6 26. Nd3 Nd4 27. Qc4 Ne6 28. h5 Ngf8 29. Bf3 Bg5 30. Bxg5 Nxg5 31. Bg4 Qd4 32. Qxd4 exd4 33. f3 Nge6 34. Kf2 Nd7 35. Bxe6 fxe6 36. f4 Kf7 37. Kf3 Kf6 38. e5+ Kf7 39. Ke4 g6 40. g4 gxh5 41. gxh5 Nb8 42. Kxd4 Na6 43. Nb2 Nb4 44. Nc4 Nd5 45. Nxa5 Nxf4 46. Nxb7 Nxh5 47. Nd8+ Ke7 48. Nxc6+ Kd7 49. Nb4 Ng3 50. Nd3 h5 51. Nf4 h4 52. b4 Nf5+ 53. Kd3 Kc6 54. a4 Ng7 55. Kc4 Nf5 56. b5+ Kb7 57. a5 Ne3+ 58. Kd3 Nd5 59. Nxd5 exd5 60. e6 h3 61. e7 h2 62. e8=Q h1=Q 63. a6+ Ka7 64. Qd7+ Ka8 65. Qb7# 1-0


[Site "https://www.chess.com"]

[Event "Titled Tuesday Blitz December 27 Late 2022"]
[White "Khandelwal, Ankush"]
[Black "Steinberg, Nitzan"]
[WhiteFideId "413470"]
[BlackFideId "2801795"]
[WhiteElo "2205"]
[BlackElo "2546"]
[Result "0-1"]
[Round "01"]
[TimeControl "180+2"]
[Date "2022.12.27"]
[WhiteClock "0:00:05"]
[BlackClock "0:00:22"]

1. e4 c5 2. Nf3 e6 3. d4 cxd4 4. Nxd4 Nc6 5. Nc3 Qc7 6. Be3 a6 7. a3 Nf6 8. Bd3 b5 9. O-O Bb7 10. Kh1 h5 11. Nxc6 Bxc6 12. f4 Ng4 13. Bg1 Rc8 14. Qe1 Bd6 15. e5 Be7 16. Rd1 Qb7 17. Be4 Bxe4 18. Nxe4 Rxc2 19. b4 O-O 20. Rf3 Rfc8 21. Rfd3 Bh4 22. Qxh4 Qxe4 23. Rg3 Rc1 24. Rxc1 Rxc1 25. Rxg4 Qb1 26. Rxg7+ Kxg7 27. Qf6+ Kg8 28. Qg5+ Qg6 29. Qd8+ Kh7 30. f5 Qxf5 31. Qxd7 Qf2 32. Qd3+ Kg7 0-1


[Site "https://www.chess.com"]

[Event "Titled Tuesday Blitz December 27 Late 2022"]
[White "Kleiman, Jake"]
[Black "Eggleston, Thomas A"]
[WhiteFideId "2020041"]
[BlackFideId "412139"]
[WhiteElo "2399"]
[BlackElo "2215"]
[Result "1-0"]
[Round "01"]
[TimeControl "180+2"]
[Date "2022.12.27"]
[WhiteClock "0:01:02"]
[BlackClock "0:00:02"]

1. e4 e6 2. d3 c5 3. Nf3 Nc6 4. g3 g6 5. Bg5 f6 6. Be3 d6 7. Bg2 Nge7 8. O-O e5 9. c3 Bg7 10. d4 cxd4 11. cxd4 O-O 12. Nc3 f5 13. dxe5 dxe5 14. Qb3+ Kh8 15. Ng5 Qe8 16. Ne6 Bxe6 17. Qxe6 f4 18. Bc5 Rf6 19. Qb3 f3 20. Bh3 b6 21. Be3 Nd4 22. Bxd4 exd4 23. Nd5 Nxd5 24. exd5 Qf8 25. Rfe1 Rd6 26. Re4 Rad8 27. Be6 g5 28. Rd1 h6 29. Rd3 Qe8 30. Rxf3 Qg6 31. Qd3 h5 32. h3 Qh6 33. Rf7 h4 34. g4 Qg6 35. Rf5 1-0


[Site "https://www.chess.com"]

[Event "Titled Tuesday Blitz December 27 Late 2022"]
[White "Klose, Eli"]
[Black "Sailer, Mike"]
[WhiteFideId "16242955"]
[BlackFideId "2012901"]
[WhiteElo "1519"]
[BlackElo "2109"]
[Result "1-0"]
[Round "01"]
[TimeControl "180+2"]
[Date "2022.12.27"]
[WhiteClock "0:02:50"]
[BlackClock "0:02:54"]

1. e4 d5 2. exd5 Qxd5 3. Nc3 Qd6 4. d4 Nf6 5. Nf3 c6 6. Be2 Bg4 7. O-O e6 8. h3 Bh5 9. Be3 Be7 10. Ne5 Bxe2 11. Qxe2 Nbd7 12. Nc4 Qb4 13. a3 1-0


[Site "https://www.chess.com"]

[Event "Titled Tuesday Blitz December 27 Late 2022"]
[White "Kobo, Ori"]
[Black "Novikova, Galina"]
[WhiteFideId "2812320"]
[BlackFideId "4157095"]
[WhiteElo "2559"]
[BlackElo "2073"]
[Result "1-0"]
[Round "01"]
[TimeControl "180+2"]
[Date "2022.12.27"]
[WhiteClock "0:00:56"]
[BlackClock "0:00:00"]

1. Nf3 e6 2. c4 f5 3. g3 Nf6 4. Bg2 Be7 5. O-O d6 6. d4 O-O 7. b3 Ne4 8. Bb2 Nd7 9. Nbd2 Ndf6 10. Ne1 a5 11. a3 b6 12. Nxe4 Nxe4 13. Nd3 Bf6 14. Qc2 Bb7 15. Nf4 Qe7 16. d5 Bxb2 17. Qxb2 e5 18. Ne6 Rf6 19. b4 Rxe6 20. dxe6 Qxe6 21. Rac1 axb4 22. axb4 Rf8 23. Qc2 Kh8 24. Ra1 h5 25. Ra7 Rb8 26. h4 Qf6 27. Qc1 Qf7 28. Kh2 Bc8 29. Qe3 Nf6 30. Kg1 Ng4 31. Qg5 f4 32. Qd8+ 1-0


[Site "https://www.chess.com"]

[Event "Titled Tuesday Blitz December 27 Late 2022"]
[White "Kopacz, Grzegorz"]
[Black "Suder, Jakub"]
[WhiteFideId "1109880"]
[BlackFideId "1195310"]
[WhiteElo "1997"]
[BlackElo "2244"]
[Result "0-1"]
[Round "01"]
[TimeControl "180+2"]
[Date "2022.12.27"]
[WhiteClock "0:01:14"]
[BlackClock "0:01:55"]

1. d4 d5 2. c4 e6 3. Nc3 c6 4. e4 dxe4 5. Nxe4 Bb4+ 6. Nc3 e5 7. d5 Nf6 8. Bg5 Qa5 9. Bxf6 Bxc3+ 10. Ke2 gxf6 11. bxc3 Qxc3 12. Nf3 Qxc4+ 13. Ke3 Qxd5 14. Qa4 Qc5+ 15. Ke2 Be6 16. Rd1 Nd7 17. Ke1 Qc3+ 18. Nd2 Nc5 19. Qh4 O-O-O 20. Be2 Rxd2 21. Rxd2 Rd8 22. Qh6 Ne4 0-1


[Site "https://www.chess.com"]

[Event "Titled Tuesday Blitz December 27 Late 2022"]
[White "Koutlas, Nikolaos"]
[Black "Torres Dominguez, David"]
[WhiteFideId "25827138"]
[BlackFideId "2220857"]
[WhiteElo "2341"]
[BlackElo "1994"]
[Result "0-1"]
[Round "01"]
[TimeControl "180+2"]
[Date "2022.12.27"]
[WhiteClock "0:00:02"]
[BlackClock "0:00:23"]

1. Nf3 e5 2. c4 e4 3. Nd4 Nc6 4. Nxc6 dxc6 5. Nc3 Nf6 6. g3 Bc5 7. Bg2 Bf5 8. O-O Qd7 9. a3 h5 10. b4 Bd4 11. Bb2 h4 12. e3 Be5 13. f4 exf3 14. Qxf3 Bg4 15. Qf2 hxg3 16. hxg3 Nh5 17. Bf3 Bxg3 18. Qe2 Bh3 19. Bxh5 Bxf1 20. Rxf1 Qh3 21. Bxf7+ Ke7 22. Qg2 Bh2+ 23. Kh1 Bd6+ 24. Qxh3 Rxh3+ 25. Kg2 Rg3+ 26. Kf2 Rf8 27. Ne4 Rxf7+ 28. Ke2 Rg2+ 29. Rf2 Rfxf2+ 30. Nxf2 Bg3 31. Kf3 Rxf2+ 32. Kxg3 Rxd2 33. Bxg7 Rd3 34. Bd4 Rxa3 35. Kf4 Ke6 36. Ke4 b6 37. c5 b5 38. Bg7 a5 39. bxa5 Rxa5 40. Kd3 Ra3+ 41. Kd4 Ra4+ 42. Kd3 Kd5 43. Bd4 Ra3+ 44. Kd2 Kc4 0-1


[Site "https://www.chess.com"]

[Event "Titled Tuesday Blitz December 27 Late 2022"]
[White "Kovacs, Klara"]
[Black "Kozlov, Gennady"]
[WhiteFideId "733210"]
[BlackFideId "4191668"]
[WhiteElo "2121"]
[BlackElo "2401"]
[Result "0-1"]
[Round "01"]
[TimeControl "180+2"]
[Date "2022.12.27"]
[WhiteClock "0:00:28"]
[BlackClock "0:01:52"]

1. c4 e6 2. Nf3 b6 3. Nc3 Bb7 4. g3 f5 5. Bg2 Nf6 6. d3 Be7 7. O-O O-O 8. Bg5 Qe8 9. Qd2 a5 10. Nb5 Na6 11. a3 Bc6 12. Nbd4 Bb7 13. Rab1 Rb8 14. b4 axb4 15. axb4 Qh5 16. Rb2 h6 17. Bxf6 Bxf6 18. Ra2 Qf7 19. e3 Qe7 20. Nc2 g5 21. h3 Qd6 22. d4 c5 23. dxc5 Qxd2 24. Nxd2 Bc8 25. cxb6 Rxb6 26. b5 Nc5 27. Nb4 d5 28. Rc1 dxc4 29. Nxc4 Rxb5 30. Nc6 Nd3 31. Rd1 Nb4 32. Nxb4 Rxb4 33. Nd6 Rd8 34. Ra6 Bxa6 0-1


[Site "https://www.chess.com"]